 Dungeon Crawl Stone Soup version 0.27-a0-1105-g946c659c87 (webtiles) character file.

Game seed: 616268719145919740

482 siradein the Slasher (level 6, 0/69 HPs)
             Began as a Vampire Fighter on Apr 30, 2021.
             Was an Initiate of Dithmenos.
             Succumbed to an orc's poison
             ... on level 3 of the Dungeon.
             The game lasted 00:31:44 (4106 turns).

siradein the Slasher (Vampire Fighter)              Turns: 4106, Time: 00:31:47

Health: 0/69       AC: 23    Str: 15 (16) XL:     6   Next: 87%
Magic:  6/6        EV:  2    Int: 10 (11) God:    Dithmenos [......]
Gold:   152        SH:  8    Dex: 11 (14) Spells: 5/5 levels left

rFire    . . .     SeeInvis +   a - +0 long sword
rCold    . . .     Faith    .   c - +0 kite shield
rNeg     + + +     Spirit   .   (armour currently unavailable)
rPois    +         Reflect  .   (helmet currently unavailable)
rElec    .         Harm     .   (cloak currently unavailable)
rCorr    .         Rampage  .   (gloves currently unavailable)
Will     .....     NoTele   +   (boots currently unavailable)
Stlth    +.........             (no amulet)
HPRegen  0.41/turn              j - ring of wizardry
MPRegen  0.10/turn              (no ring)

@: brilliant, lethally poisoned (0 -> -3), tree-form, healing quickly
A: stationary, stasis, torment immunity, boosted hp, alive, (fangs 3), see
invisible, (unbreathing 1), vampiric 2
a: Exsanguinate, Renounce Religion


You were on level 3 of the Dungeon.
You worshipped Dithmenos.
Dithmenos was noncommittal.
You were a tree.
You visited 1 branch of the dungeon, and saw 4 of its levels.

You collected 152 gold pieces.

Inventory:

Hand Weapons
 a - a +0 long sword (weapon)
Missiles
 o - 139 stones
 x - 9 boomerangs (quivered)
Armour
 c - a +0 kite shield (worn)
 g - a +0 pair of boots (melded)
 i - a +0 cloak
 r - a scarf of repulsion (melded)
 w - a +0 chain mail (melded)
Jewellery
 j - a ring of wizardry (left branch)
Wands
 u - a wand of paralysis (3)
 v - a wand of polymorph (12)
Scrolls
 e - 5 scrolls of identify {unknown}
 f - 2 scrolls of teleportation {unknown}
 h - a scroll of magic mapping {unknown}
 k - a scroll of blinking {unknown}
 l - a scroll of immolation {unknown}
 q - a scroll of amnesia {unknown}
 t - a scroll of fog {unknown}
 y - a scroll of vulnerability {unknown}
Potions
 b - a potion of heal wounds {unknown}
 d - a potion of might


   Skills:
 - Level 2.6 Fighting
 + Level 7.5 Long Blades
 - Level 2.4 Armour
 - Level 2.6 Shields


You had 5 spell levels left.
You didn't know any spells.
Your spell library contained the following spells:

 Spells                   Type           Power      Damage    Failure   Level
 Magic Dart               Conj           0%         1d3       56%         1
 Blink                    Tloc           N/A        N/A       69%         2
 Call Imp                 Summ           0%         N/A       69%         2
 Searing Ray              Conj           0%         3d3       69%         2
 Slow                     Hex            0%         N/A       69%         2
 Conjure Flame            Conj/Fire      0%         6-21      89%         3
 Dazzling Flash           Conj/Hex       0%         N/A       89%         3
 Mephitic Cloud           Conj/Pois/Air  0%         N/A       89%         3
 Fulminant Prism          Conj/Hex       0%         3d6       99%         4
 Iskenderun's Mystic Bla  Conj/Tloc      0%         2d3       99%         4


Dungeon Overview and Level Annotations

Branches:
Dungeon (4/15)
 Temple: D:4-7

Altars:
Dithmenos
Ru


Innate Abilities, Weirdness & Mutations

You are a tree.
Your roots penetrate the ground, keeping you stationary.
You cannot be teleported.
You are immune to unholy pain and torment.
Your maximum health is greatly increased.
Your equipment is partially melded.
Your natural rate of healing is accelerated.
((You have razor-sharp teeth.))
You have supernaturally acute eyesight. (SInv)
((You can survive without breathing.))
You are afflicted with vampirism and can become a bat while bloodless.


Message History

You feel very sick. The orc hits you but does no damage.
You are more poisoned.
You hit the orc but do no damage.
The orc is heavily wounded.
* * * LOW HITPOINT WARNING * * *
You feel extremely sick. The orc barely misses you.
You riposte.
You hit the orc.
The orc is heavily wounded.
* * * LOW HITPOINT WARNING * * *
You feel very sick.
It was a potion of curing.
You feel better. You block the orc's attack.
You closely miss the orc.
The orc is heavily wounded.
The orc barely misses you.
The orc hits you with a +0 short sword of venom.
* * * LOW HITPOINT WARNING * * *
You are lethally poisoned!
You slash the orc!
You kill the orc!
Dithmenos accepts your kill.
* * * LOW HITPOINT WARNING * * *
You feel very sick.
There is a lethal amount of poison in your body!
It was a potion of brilliance.
You feel clever all of a sudden.
* * * LOW HITPOINT WARNING * * *
You feel sick.
It was a potion of degeneration.
There was something very wrong with that liquid.
You feel weakened.
You feel dopey.
You feel clumsy.
* * * LOW HITPOINT WARNING * * *
You feel sick.
It was a potion of lignification.
You turn into a tree.
Your scarf of repulsion melds into your body.
Your +0 pair of boots melds into your body.
Your +0 chain mail melds into your body.
The haze of the repulsion field disappears.
Your roots penetrate the ground.
You die...

.###.###..#.#...###.# #.#.#.....
.# #.# #.##.#....<#.####.#.#.....
.###'###....#...###.##...#.#.....
.........####...# #.##.###.......
#.######## #...# #.##.......#...
....# #.#####.##..........#
....#########[)......#.##########
..........................(..####
................♣)...............
.......................#####.####
..............................#
..............######.#######..#
..............# #..........#
..............# ##########.#
..............# ##.###
..#...........# #.....
..###.######### #.....


There were no monsters in sight!

Vanquished Creatures
  A necrophage (D:4)
  An ogre (D:4)
  3 orc priests
  Jessica (D:2)
  An iguana (D:2)
  Terence (D:2)
  A howler monkey skeleton (D:2)
  A gnoll (D:1)
  4 adders
  A worm (D:3)
  2 dart slugs
  13 orcs
  9 endoplasms
  3 giant cockroaches
  7 goblins
  5 hobgoblins
  4 jackals (D:3)
  3 kobolds
  2 quokkas
  4 ball pythons
  6 bats
  A frilled lizard (D:3)
  6 rats
80 creatures vanquished.

Notes
Turn   | Place    | Note
-------+----------+-------------------------------------------
     0 | D:1      | siradein the Vampire Fighter began the quest for the Orb.
     0 | D:1      | Reached XP level 1. HP: 17/17 MP: 1/1
   552 | D:1      | Reached skill level 3 in Long Blades
   552 | D:1      | Reached XP level 2. HP: 21/23 MP: 2/2
   766 | D:1      | Found a faded altar of an unknown god.
   881 | D:2      | Gained mutation: You are afflicted with vampirism and can
                  | become a bat while bloodless. [Vampire growth]
   881 | D:2      | Reached XP level 3. HP: 28/28 MP: 3/3
   971 | D:2      | Reached skill level 4 in Long Blades
  1038 | D:2      | Found a sacrificial altar of Ru.
  1073 | D:2      | Noticed Terence
  1144 | D:2      | Killed Terence
  1145 | D:2      | Reached XP level 4. HP: 28/34 MP: 4/4
  1286 | D:2      | Noticed Jessica
  1290 | D:2      | Killed Jessica
  1291 | D:2      | Reached skill level 5 in Long Blades
  1381 | D:2      | Reached XP level 5. HP: 39/39 MP: 5/5
  2204 | D:3      | Found a shadowy altar of Dithmenos.
  2332 | D:3      | Became a worshipper of Dithmenos the Shadowed
  3359 | D:4      | Noticed a necrophage
  3394 | D:4      | Killed a necrophage
  3395 | D:4      | Reached skill level 6 in Long Blades
  3395 | D:4      | Reached XP level 6. HP: 43/46 MP: 6/6
  3527 | D:4      | Reached skill level 7 in Long Blades
  4099 | D:3      | HP: 1/46 [poisoned by an orc]
  4104 | D:3      | HP: 1/46 [poisoned by an orc]
  4106 | D:3      | Succumbed to an orc's poison

Illustrated notes

Levels and vault maps discovered:
D:1:      minmay_arrival_semitransparent, layout_basic,
          shapermc_ecumenical_altar_notcrosses
D:2:      layout_rooms, basic_altar, uniq_terence, uniq_jessica
D:3:      layout_basic, lemuel_doored_altar, minmay_crystal_water
D:4:      layout_layer_cave, chequers_mini_garden

Skill      XL: |  1  2  3  4  5  6 |
---------------+-------------------+-----
Long Blades    | 3 4 5 6 7 |  7.5
Fighting       | |  2.6
Armour         | |  2.4
Shields        | |  2.6

Action                   |  1- 3 |  4- 6 || total
-------------------------+-------+-------++-------
Melee: Long sword        |    53 |   194 ||   247
       Bite              |     5 |    26 ||    31
Throw: Stone             |       |    14 ||    14
       Boomerang         |       |    15 ||    15
  Use: Potion            |       |     4 ||     4
Armor: Scale mail        |    19 |    71 ||    90
       Chain mail        |       |    60 ||    60
Dodge: Dodged            |    10 |    52 ||    62
Block: Kite shield       |    31 |   109 ||   140
       Rpst.: Long sword |     2 |    17 ||    19

Table legend: (Time is in decaauts)
 A = Elapsed time spent in this place.
 B = Non-inter-level travel time spent in this place.
 C = Inter-level travel time spent in this place.
 D = Time resting spent in this place.
 E = Time spent auto-exploring this place.
 F = Levels seen in this place.
 G = Mean time per level.
                   A        B        C        D        E       F      G
               +--------+--------+--------+--------+--------+-----+--------+
         Total |   4222 |   3977 |    245 |     99 |   2687 |   4 | 1055.5 |
       Dungeon |   4222 |   3977 |    245 |     99 |   2687 |   4 | 1055.5 |
               +--------+--------+--------+--------+--------+-----+--------+

Top non-repeatable levels by time:
     D:3: 1540 daAuts
     D:4: 976 daAuts
     D:1: 875 daAuts
     D:2: 830 daAuts
